 Dungeon Crawl Stone Soup version 0.26-a0-663-g36e8fdb (webtiles) character file.

Game seed: 217124154081272825

190 GodEmperorTekkless the Slasher (level 5, 0/32 HPs)
             Began as a Gargoyle Fighter on Oct 11, 2020.
             Slain by an orc
             ... wielding a +0 mace
              (2 damage)
             ... on level 5 of the Dungeon.
             The game lasted 00:11:07 (2750 turns).

GodEmperorTekkless the Slasher (Gargoyle Fighter)   Turns: 2750, Time: 00:11:07

Health: 0/32       AC: 16    Str: 21    XL:     5   Next: 69%
Magic:  5/5        EV:  3    Int:  8    God:
Gold:   177        SH:  9    Dex:  9    Spells: 4/4 levels left

rFire    . . .     SeeInvis .   a - +1 long sword
rCold    . . .     Faith    .   c - +0 kite shield
rNeg     + . .     Spirit   .   n - +0 plate armour
rPois    ∞         Reflect  .   s - +0 helmet
rElec    +         Harm     .   (no cloak)
rCorr    .         Rampage  .   (no gloves)
MR       .....                  (no boots)
Stlth    ..........             (no amulet)
HPRegen  0.10/turn              (no ring)
MPRegen  0.09/turn              (no ring)

@: no status effects
A: negative energy resistance 1, electricity resistance, unbreathing,
petrification resistance, rot immunity, AC +4
a: no special abilities


You were on level 5 of the Dungeon.
You visited 1 branch of the dungeon, and saw 5 of its levels.

You collected 177 gold pieces.

Inventory:

Hand Weapons
 a - a +1 long sword (weapon)
Missiles
 j - 11 poisoned darts
 p - 62 stones (quivered)
Armour
 c - a +0 kite shield (worn)
 n - a +0 plate armour (worn)
 s - a +0 helmet (worn)
Wands
 o - a wand of polymorph (5)
Scrolls
 b - 5 scrolls of identify
 m - 2 scrolls of enchant weapon
Potions
 d - 2 potions of might
 f - a potion of ambrosia
 h - 2 potions of flight
 i - a potion of stabbing {unknown}
 q - a potion of lignification {unknown}
 r - 3 potions of curing


   Skills:
 - Level 3.2 Fighting
 * Level 5.2 Long Blades
 - Level 3.2 Armour
 - Level 3.2 Shields


You had 4 spell levels left.
You didn't know any spells.
Your spell library was empty.

Dungeon Overview and Level Annotations

Branches:
Dungeon (6/15)
 Temple: D:4-7

Altars:
Ashenzari
Fedhas
Qazlal
Xom

Annotations:
D:5 Eustachio, Menkaure


Innate Abilities, Weirdness & Mutations

You are resistant to torment.
Your stone body is resilient. (AC +4)
You are immune to poison.
You resist negative energy. (rN+)
You are resistant to electric shocks. (rElec)
You can survive without breathing.
You are immune to petrification.
You are immune to rotting.


Message History

* * * LOW HITPOINT WARNING * * *
You float gracefully downwards.
You see here a ball python corpse.
There is a stone staircase leading down here.
Okay, then.
Okay, then.
There is a stone staircase leading up here.
You block the ogre's attack.
You climb upwards.
Level annotation: Eustachio, Menkaure You block the orc's attack.
Eustachio gestures wildly while chanting.
Eustachio blinks!
Menkaure mumbles some strange words.
Menkaure seems to speed up.
You block the orc's attack.
There is a stone staircase leading down here.
The ogre hits you with a +0 giant club!
* * * LOW HITPOINT WARNING * * *
The orc hits you with a +0 mace.
You die...

.. .. ..Z ##### ..
#..)####### #.#
#...#.....# ##..
#...#.....# ....##
#...#..M..#
.....####...#..o..####
.........@..o.o.@O...#
.....#######.#####....#
.....# #.# #.... .....#
#.# ... ####.. #.# #
#.. #.# #.. #.# #. ..#


You could see Eustachio, an ogre, Menkaure (fast), an orc wizard and 2 orcs.

Vanquished Creatures
  An iguana (D:2)
  An orc wizard (D:2)
  4 gnolls
  3 adders
  2 oozes
  A dart slug (D:3)
  3 orcs
  3 ball pythons
  5 bats
  2 giant cockroaches
  7 goblins
  6 hobgoblins
  6 jackals (D:2)
  2 frilled lizards
  11 kobolds
  8 rats
65 creatures vanquished.

Vanquished Creatures (others)
  5 plants (D:3)
5 creatures vanquished.

Grand Total: 70 creatures vanquished

Notes
Turn   | Place    | Note
-------+----------+-------------------------------------------
     0 | D:1      | GodEmperorTekkless the Gargoyle Fighter began the quest for
                  | the Orb.
     0 | D:1      | Reached XP level 1. HP: 14/14 MP: 1/1
    51 | D:1      | Reached skill level 2 in Long Blades
   160 | D:1      | Reached XP level 2. HP: 17/19 MP: 2/2
   302 | D:1      | Reached skill level 3 in Long Blades
   485 | D:1      | Reached XP level 3. HP: 23/23 MP: 3/3
   999 | D:2      | Found a blossoming altar of Fedhas.
  1073 | D:2      | Reached XP level 4. HP: 23/28 MP: 4/4
  1146 | D:2      | Found a shimmering altar of Xom.
  1240 | D:2      | Reached skill level 4 in Long Blades
  1926 | D:2      | Reached XP level 5. HP: 32/32 MP: 5/5
  2191 | D:2      | Reached skill level 5 in Long Blades
  2468 | D:3      | Found a broken altar of Ashenzari.
  2505 | D:3      | You fall into a shaft and drop 2 floors!
  2505 | D:5      | Entered Level 5 of the Dungeon
  2505 | D:5      | Noticed Eustachio
  2514 | D:5      | Noticed Menkaure
  2646 | D:6      | Noticed an ogre
  2664 | D:6      | Found a stormy altar of Qazlal.
  2666 | D:6      | Noticed a fire elemental
  2667 | D:6      | Noticed an air elemental
  2667 | D:6      | Noticed a water elemental
  2750 | D:5      | Slain by an orc

Illustrated notes

Levels and vault maps discovered:
D:1:      minmay_arrival_arboretum_small, layout_loops_ring, minmay_tall_x
D:2:      layout_loops_ring, marbit_many_paths, overflow_temple_1_default
D:3:      layout_loops_cross, nicolae_overflow_hidden_temple, hex_large,
          chequers_big_river, hex_tiny
D:5:      layout_basic, basic_altar, serial_rivers,
          chequers_serial_rivers_small_b, chequers_serial_rivers_small_b,
          chequers_serial_rivers_small_b, chequers_serial_rivers_small_b,
          chequers_serial_rivers_micro_e, uniq_grinder, uniq_eustachio,
          uniq_menkaure, uniq_pikel
D:6:      layout_loops_ring, kennysheep_mini_moat, dancing_weapons_uskayaw,
          makhleb_altar_promises_db, nicolae_qazlal_style_of_elements,
          kennysheep_generic_room_16, uniq_blork_the_orc,
          uniq_crazy_yiuf_cottage

Skill      XL: |  1  2  3  4  5 |
---------------+----------------+-----
Long Blades    | 2 3 4 5 |  5.2
Fighting       | |  3.2
Armour         | |  3.2
Shields        | |  3.2

Action                   |  1- 3 |  4- 6 || total
-------------------------+-------+-------++-------
Melee: Long sword        |   124 |   110 ||   234
Throw: Stone             |       |    36 ||    36
  Use: Scroll            |       |     9 ||     9
       Potion            |       |     2 ||     2
Armor: Scale mail        |    55 |       ||    55
       Plate armour      |    14 |    92 ||   106
Dodge: Dodged            |    25 |    18 ||    43
Block: Kite shield       |    64 |    63 ||   127
       Rpst.: Long sword |    16 |     8 ||    24

Table legend: (Time is in decaauts)
 A = Elapsed time spent in this place.
 B = Non-inter-level travel time spent in this place.
 C = Inter-level travel time spent in this place.
 D = Time resting spent in this place.
 E = Time spent auto-exploring this place.
 F = Levels seen in this place.
 G = Mean time per level.
                   A        B        C        D        E       F      G
               +--------+--------+--------+--------+--------+-----+--------+
         Total |   2832 |   2788 |     44 |    531 |   1439 |   5 |  566.4 |
       Dungeon |   2832 |   2788 |     44 |    531 |   1439 |   5 |  566.4 |
               +--------+--------+--------+--------+--------+-----+--------+

Top non-repeatable levels by time:
     D:2: 1397 daAuts
     D:1: 962 daAuts
     D:6: 228 daAuts
     D:3: 228 daAuts
     D:5: 16 daAuts
